Match 41841019
Unlisted

Match 41841019
End
Panzerpioneer Squad
250 Light Carrier
Selects Italian Infantry
Construct Light Support Kompanie
MG34 Team
Panzerpioneer Squad
Fire Support Elements
Combat Half-tracks
Selects Defensive Operations
Assault Mechanized Group
Construct Mechanized Kompanie
Selects Guastatori Squad
Selects L6/40 Light Tank Combat Group
Guastatori Squad
254 Reconnaissance Tractor
Player One
NTR MUST DIE
想吃豆芽菜
汉东省委高育良
抖音呆呆河马-英3小程序
你的好友寒风
甜菜的小老弟
吃瓜群众
0
0

Comments sign in to comment!

No comments posted yet!